 Dungeon Crawl Stone Soup version 0.22-a0-617-g6d95e9e (webtiles) character file.

655 Ijustatesigmund the Chopper (level 7, -1/50 HPs)
             Began as an Octopode Fighter on July 12, 2018.
             Slain by an ogre
             ... wielding a +0 giant club
              (33 damage)
             ... on level 4 of the Dungeon.
             The game lasted 00:09:39 (3816 turns).

Ijustatesigmund the Chopper (Octopode Fighter)      Turns: 3816, Time: 00:09:40

Health: -1/50      AC:  1    Str: 18    XL:     7   Next: 54%
Magic:  7/7        EV: 12    Int: 18    God:
Gold:   63         SH:  9    Dex: 13    Spells: 6/6 levels left

rFire    + . .     SeeInvis .   a - +0 war axe
rCold    . . .     Gourm    .   b - +0 shield
rNeg     . . .     Faith    .   (helmet restricted)
rPois    .         Spirit   .   (no amulet)
rElec    .         Reflect  .   i - +3 ring of strength
rCorr    .         Harm     .   l - ring of protection from fire
MR       .....                  o - +3 ring of intelligence
Stlth    ++........             y - +4 ring of intelligence
HPRegen  0.16/turn              (no ring)
MPRegen  0.10/turn              (no ring)
                                (no ring)
                                (no ring)

@: no status effects
A: almost no armour, stealthy swim, amphibious, 8 rings, constrict 8, camouflage
1, gelatinous body 1
a: no special abilities


You were on level 4 of the Dungeon.
You were not hungry.

You visited 1 branch of the dungeon, and saw 4 of its levels.
You also visited: Ossuary.

You collected 121 gold pieces.
You spent 58 gold pieces at shops.

Inventory:

Hand Weapons
 a - a +0 war axe (weapon)
Missiles
 q - 2 throwing nets (quivered)
Armour
 b - a +0 shield (worn)
Jewellery
 i - a +3 ring of strength (left tentacle)
 l - a ring of protection from fire (right tentacle)
 o - a +3 ring of intelligence (on tentacle)
 y - a +4 ring of intelligence (on tentacle)
Wands
 g - a wand of random effects (29)
Scrolls
 k - 2 scrolls of fear
 p - 2 scrolls of enchant armour {unknown}
 r - a scroll of teleportation
 s - a scroll of remove curse
 t - a scroll of blinking
 x - a scroll of immolation
Potions
 c - 2 potions of might
 e - a potion of heal wounds
 f - 2 potions of curing
 h - 3 potions of berserk rage
 j - 2 potions of magic
 m - 2 potions of mutation {unknown}
 n - a potion of ambrosia {unknown}
 u - 2 potions of haste {unknown}
 v - a potion of lignification {unknown}
 z - a potion of flight {unknown}
 A - a potion of invisibility {unknown}
Comestibles
 d - a ration
 w - a chunk of flesh


   Skills:
 + Level 5.2 Fighting
 * Level 5.9 Axes
 - Level 3.0 Dodging
 + Level 4.7 Shields


You had 6 spell levels left.
You didn't know any spells.
Your spell library contained the following spells:

 Spells                   Type           Power        Failure   Level  Hunger
 Pain                     Necr           #...         63%         1    ##.....


Dungeon Overview and Level Annotations

Branches:
Dungeon (4/15)
 Temple: D:4-7

Altars:
Kikubaaqudgha
Okawaru
Sif Muna
Vehumet
Xom

Shops:
D:4 *

Annotations:
D:3 2 transporters, Supahsalami's ghost, amateur DsBe


Innate Abilities, Weirdness & Mutations

You cannot wear most types of armour.
You are very stealthy in the water. (Stealth+)
You are amphibious.
You can wear up to eight rings at the same time.
You can use your tentacles to constrict eight enemies at once.
Your skin changes colour to match your surroundings (Stealth+).
Your rubbery body absorbs attacks. (AC +1, EV +1)


Message History

You hit the giant cockroach.
You kill the giant cockroach!
The iguana completely misses you.
You barely miss the iguana. Your grab misses the iguana.
You block the iguana's attack.
You closely miss the iguana. You grab the iguana. You constrict the iguana.
The iguana closely misses you.
You hit the iguana but do no damage.
The iguana is lightly wounded.
You constrict the iguana. The iguana bites you!
You slash the iguana!
You kill the iguana!
You hit the ogre.
The ogre is lightly wounded.
The ogre hits you but does no damage.
You barely miss the ogre. The ogre hits you with a giant club.
Your shield prevents you from hitting the ogre.
The ogre hits you with a giant club!!
Ouch! That really hurt!
You die...

#.....##.............#.....####
#..............#######.#####
#............#.######..#
.....###.....#........#####
#...## #.....##.#.........#
#...# ##........)..........
....###......##.#..........
................##....>....
...###..[.......@O..$...... ..#
#....#...####......... .#
##....#.### #......... .
##....##.# ##........ .
#........# .........
.........### #.........
##..#...## #......... #..#...#
#......... #......# #.........


You could see an ogre.

Vanquished Creatures
  An ogre (D:4)
  A necrophage (D:4)
  A water moccasin zombie (Ossuary)
  A hound (D:4)
  Terence (D:2)
  Jessica (D:2)
  Natasha (thrice) (D:2)
  2 iguanas (D:4)
  4 big kobold zombies (Ossuary)
  3 mummies
  4 adders
  An ooze (D:1)
  2 worms (D:2)
  4 leopard geckos
  2 orcs
  2 bats
  5 giant cockroaches
  2 gnoll zombies (Ossuary)
  7 goblins
  11 hobgoblins
  A ball python (D:3)
  4 frilled lizards
  4 hobgoblin zombies (Ossuary)
  3 kobolds
  3 kobold zombies (Ossuary)
  6 orc zombies (Ossuary)
  5 rats
84 creatures vanquished.

Notes
Turn   | Place    | Note
-------+----------+-------------------------------------------
     0 | D:1      | Ijustatesigmund the Octopode Fighter began the quest for the Orb.
     0 | D:1      | Reached XP level 1. HP: 16/16 MP: 1/1
   151 | D:1      | Reached XP level 2. HP: 21/21 MP: 2/2
  1072 | D:2      | Reached XP level 3. HP: 26/26 MP: 3/3
  1251 | D:2      | Noticed Natasha
  1264 | D:2      | Killed Natasha
  1264 | D:2      | Reached XP level 4. HP: 25/33 MP: 4/4
  1402 | D:2      | Found an iron altar of Okawaru.
  1531 | D:2      | Noticed Jessica
  1541 | D:2      | Killed Jessica
  1546 | D:2      | Noticed Terence
  1555 | D:2      | Killed Terence
  1555 | D:2      | Reached XP level 5. HP: 25/37 MP: 5/5
  1774 | D:2      | Noticed Natasha
  1790 | D:2      | Killed Natasha
  2032 | D:2      | Noticed Natasha
  2038 | D:2      | Killed Natasha
  2443 | D:3      | Found a transporter.
  2446 | D:3      | Noticed Supahsalami's ghost (amateur DsBe)
  2645 | D:3      | Found a transporter.
  2675 | D:3      | Found a shimmering altar of Xom.
  2823 | D:3      | Reached XP level 6. HP: 40/44 MP: 6/6
  3146 | D:4      | Noticed a necrophage
  3150 | D:4      | Killed a necrophage
  3168 | D:4      | Found an ancient bone altar of Kikubaaqudgha.
  3168 | D:4      | Found a deep blue altar of Sif Muna.
  3170 | D:4      | Found a radiant altar of Vehumet.
  3176 | D:4      | Identified Kikubaaqudgha's Collected Works on Stolen Souls
  3215 | D:4      | Found a sand-covered staircase.
  3217 | D:4      | Reached skill level 5 in Axes
  3222 | Ossuary  | Entered an ossuary
  3326 | Ossuary  | Reached XP level 7. HP: 43/49 MP: 7/7
  3577 | Ossuary  | Reached skill level 5 in Fighting
  3794 | D:4      | Found Gael's Assorted Antiques.
  3800 | D:4      | Bought a scroll labeled YDWELI SIVOC for 31 gold pieces
  3800 | D:4      | Bought a coppery potion for 27 gold pieces
  3816 | D:4      | Slain by an ogre

Vault maps used:
D:1:      minmay_arrival_diagonal_passages, minmay_crystal_room,
          serial_park_tiny_2, serial_bayou_crossing
D:2:      okawaru_ov_weapons_minmay, uniq_natasha, uniq_jessica, uniq_terence
D:3:      lemuel_round_altar, gammafunk_ghost_stat_death
D:4:      cheibrodos_old_hovel, grunt_temple_overflow_magic_moments,
          lemuel_temple_firewalk_b, serial_shops, shop,
          gup_ossuary_entry_pyramid, hangedman_decor_growths
Ossuary:  ossuary_tomb_2

Skill      XL: |  1  2  3  4  5  6  7 |
---------------+----------------------+-----
Axes           | 3 4 5 |  5.9
Fighting       | 4 5 |  5.2
Shields        | 4 |  4.7
Dodging        | |  3.0

Action                   |  1- 3 |  4- 6 |  7- 9 || total
-------------------------+-------+-------+-------++-------
Melee: War axe           |    53 |    74 |    53 ||   180
       Constrict         |    14 |    21 |    12 ||    47
       Tentacles         |    12 |    19 |    15 ||    46
Evoke: Wand              |       |       |     1 ||     1
  Use: Scroll            |     6 |     4 |     2 ||    12
       Potion            |       |     1 |     1 ||     2
 Stab: Sleeping          |     3 |     1 |     1 ||     5
  Eat: Chunk             |     1 |     3 |       ||     4
       Ration            |       |     1 |     1 ||     2
Armor: Skin              |       |     4 |     2 ||     6
Dodge: Dodged            |    14 |    21 |    20 ||    55
Block: Shield            |    22 |    29 |    19 ||    70

Table legend:
 A = Spawn XP
 B = Non-spawn XP
 C = Spawn XP percentage of total XP
 D = Spawn monster count
 E = Non-spawn monster count
 F = Spawn count percentage of total count
 G = Total turns spent on level
                    A         B        C        D         E        F      G
               +---------+---------+-------+---------+---------+-------+---------
         Total |       0 |     937 |   0.0 |       0 |      84 |   0.0 |  3816
               +---------+---------+-------+---------+---------+-------+---------
           D:1 |       0 |      32 |   0.0 |       0 |      15 |   0.0 |   987
           D:2 |       0 |     240 |   0.0 |       0 |      27 |   0.0 |  1247
           D:3 |       0 |      54 |   0.0 |       0 |      11 |   0.0 |   880
           D:4 |       0 |     377 |   0.0 |       0 |       9 |   0.0 |   218
       Ossuary |       0 |     234 |   0.0 |       0 |      22 |   0.0 |   484
               +---------+---------+-------+---------+---------+-------+---------
